AoeStats
← [GDL] Maldito Pantoja

Arabia

505763060Analyzed
4v4 RM · 22d ago on Sep 10, 2026· 48m 1s· 8 players
Game mode
Random Map
Map size
Large (8 player)
Population
200
Speed
Normal
Resources
Standard
Victory
Conquest
Starting age
Dark Age
Ending age
Imperial Age
RankedLock teamsTeams togetherTeam positionsShared explorationLock speedFull tech treeHidden civsTurbo modeCheats
Victory
Defeat
🇧🇷 Ethiopians · Brazil
1334
+15
🇲🇽 Berbers · Mexico
1328
+15
🇨🇴 Maya · Colombia
1310
+16
🇦🇷 Teutons · Argentina
1274
+18
🇲🇽 Persians · Mexico
1384
-18
🇲🇽 Mongols · Mexico
1372
-19
🇲🇽 Hindustanis · Mexico
1299
-16
🇺🇸 Britons · United States
1198
-11
[GDL] Maldito Pantoja
7:31 Loom
10:05 Feudal Age
13:39 Scale Barding Armor
14:45 Forging
18:31 Scale Mail Armor
23:16 Castle Age
23:29 Gold Mining
24:05 Husbandry
25:52 Double-Bit Axe
25:48 Horse Collar
31:56 Bloodlines
33:36 Wheelbarrow
35:02 Iron Casting
38:19 Hand Cart
38:08 Heavy Plow
38:45 Gold Shaft Mining
42:25 Imperial Age
40:41 Chain Barding Armor
41:48 Bow Saw
41:29 Stone Mining
41:37 Town Watch
42:35 Heavy Camel Rider
44:24 Blast Furnace
44:22 Bow Saw
44:43 Crop Rotation
44:49 Conscription
45:14 Town Patrol
46:08 Plate Barding Armor
48:20 Stone Shaft Mining
48:29 Maghrebi Camels
48:30 Kasbah
Tacris09
0:26 Loom
10:00 Feudal Age
10:36 Double-Bit Axe
15:07 Fletching
17:47 Padded Archer Armor
24:54 Castle Age
24:01 Gold Mining
25:42 Thumb Ring
25:37 Bodkin Arrow
25:04 Crossbowman
28:27 Ballistics
31:50 Leather Archer Armor
41:05 Wheelbarrow
43:00 Imperial Age
43:54 Bracer
44:25 Ring Archer Armor
44:03 Arbalester
44:37 Stone Mining
45:18 Elite Plumed Archer
Alex jr
7:22 Loom
9:55 Feudal Age
10:32 Double-Bit Axe
11:30 Town Watch
12:47 Fletching
12:58 Padded Archer Armor
22:06 Castle Age
20:20 Gold Mining
21:33 Horse Collar
22:11 Crossbowman
22:49 Bodkin Arrow
24:27 Leather Archer Armor
27:58 Ballistics
28:23 Bow Saw
29:44 Thumb Ring
30:55 Wheelbarrow
34:25 Hand Cart
37:21 Imperial Age
35:27 Heavy Plow
36:51 Stone Mining
39:03 Chemistry
37:26 Arbalester
38:07 Bracer
38:37 Ring Archer Armor
39:10 Capped Ram
40:11 Siege Ram
41:30 Masonry
41:33 Town Patrol
42:50 Conscription
45:28 Two-Man Saw
45:05 Architecture
44:25 Heated Shot
44:41 Halberdier
45:21 Squires
45:07 Arson
45:24 Scale Mail Armor
45:35 Forging
46:24 Stone Shaft Mining
46:25 Gold Shaft Mining
45:17 Elite Genitour
46:29 Chain Mail Armor
46:12 Guard Tower
46:34 Fortified Wall
46:19 Murder Holes
46:35 Careening
46:35 Clinker Construction
46:46 Shipwright
LordofSun
6:36 Loom
9:22 Feudal Age
11:23 Double-Bit Axe
11:27 Horse Collar
16:43 Scale Barding Armor
17:59 Bloodlines
25:35 Castle Age
24:43 Forging
24:26 Gold Mining
26:37 Wheelbarrow
26:54 Chain Barding Armor
33:51 Heavy Plow
34:16 Bow Saw
36:37 Wheelbarrow
35:47 Town Watch
36:29 Town Watch
38:34 Stone Mining
39:33 Hand Cart
43:23 Imperial Age
43:51 Cavalier
45:07 Plate Barding Armor
45:26 Crop Rotation
45:37 Paladin
47:30 Town Patrol
49:03 Iron Casting
Scherbasky1_
3:40 Loom
10:41 Feudal Age
14:48 Castle Age
13:01 Double-Bit Axe
13:21 Horse Collar
17:33 Bloodlines
18:09 Husbandry
19:03 Scale Barding Armor
19:50 Bow Saw
22:17 Forging
24:23 Chain Barding Armor
37:14 Wheelbarrow
37:34 Iron Casting
39:12 Fletching
44:06 Imperial Age
43:55 Cavalier
45:12 Plate Barding Armor
Despartacus
5:15 Loom
9:37 Feudal Age
10:43 Double-Bit Axe
35:37 Castle Age
35:14 Gold Mining
35:53 Fletching
35:58 Crossbowman
36:35 Bodkin Arrow
36:41 Padded Archer Armor
Jovac
4:53 Loom
8:02 Feudal Age
12:29 Double-Bit Axe
15:25 Horse Collar
16:03 Padded Archer Armor
23:49 Gold Mining
28:26 Castle Age
27:13 Bloodlines
27:09 Fletching
28:10 Scale Barding Armor
29:08 Husbandry
31:58 Wheelbarrow
32:18 Thumb Ring
32:31 Leather Archer Armor
Hussk.
6:27 Loom
9:05 Feudal Age
9:40 Double-Bit Axe
9:36 Horse Collar
21:20 Castle Age
19:54 Scale Barding Armor
20:41 Gold Mining
21:52 Forging
22:36 Chain Barding Armor
22:31 Bloodlines
21:56 Light Cavalry
24:21 Bow Saw
24:13 Heavy Plow
26:59 Wheelbarrow
28:58 Gold Shaft Mining
30:23 Husbandry
32:06 Town Watch
33:43 Iron Casting
35:48 Hand Cart
45:38 Imperial Age
43:30 Stone Mining
47:07 Plate Barding Armor
45:53 Heavy Camel Rider
46:13 Hussar
49:19 Blast Furnace
Connection lost

Rejoining the realm…

Still unreachable

The connection could not be restored.

Session expired

The server has moved on; the page needs a fresh start.